AoeStats
← Omicronio

Lombardia

509974896Analyzed
3v3 RM · 3d ago on Sep 28, 2026· 30m 36s· 6 players
Game mode
Random Map
Map size
Normal (6 player)
Population
200
Speed
Normal
Resources
Standard
Victory
Conquest
Starting age
Dark Age
Ending age
Imperial Age
RankedLock teamsTeams togetherTeam positionsShared explorationLock speedFull tech treeHidden civsTurbo modeCheats
Victory
Defeat
🇬🇧 Mongols · United Kingdom
1292
+15
🇵🇱 Magyars · Poland
1276
+16
🇨🇿 Poles · Czechia
1192
+20
🇪🇸 Georgians · Spain
1284
-17
🇪🇸 Italians · Spain
1279
-17
🇪🇸 Persians · Spain
1269
-17
GoodFunHaveLuck
7:29 Loom
9:56 Feudal Age
10:34 Double-Bit Axe
19:34 Scale Barding Armor
22:13 Castle Age
22:23 Light Cavalry
23:14 Bloodlines
24:05 Husbandry
somaster94
5:25 Loom
8:30 Feudal Age
9:23 Double-Bit Axe
9:40 Horse Collar
11:44 Town Watch
15:32 Wheelbarrow
20:33 Castle Age
18:37 Fletching
18:50 Padded Archer Armor
19:29 Bloodlines
19:37 Gold Mining
21:33 Bodkin Arrow
21:49 Bow Saw
22:58 Leather Archer Armor
26:09 Husbandry
28:04 Thumb Ring
29:06 Heavy Plow
30:22 Hand Cart
pavifa
4:57 Loom
10:42 Feudal Age
15:26 Castle Age
14:38 Stone Mining
15:06 Double-Bit Axe
18:36 Horse Collar
19:54 Heavy Plow
21:21 Bloodlines
23:10 Szlachta Privileges
23:42 Bloodlines
24:59 Bow Saw
25:33 Forging
25:33 Scale Barding Armor
27:38 Iron Casting
29:13 Wheelbarrow
29:42 Husbandry
29:29 Town Watch
30:06 Chain Barding Armor
PsychoDog
6:27 Loom
9:34 Feudal Age
10:29 Double-Bit Axe
10:27 Horse Collar
16:37 Wheelbarrow
17:36 Bloodlines
19:04 Forging
22:13 Castle Age
20:59 Scale Barding Armor
24:10 Husbandry
27:00 Iron Casting
27:06 Fletching
28:09 Chain Barding Armor
Omicronio
9:56 Feudal Age
10:56 Loom
14:25 Castle Age
12:55 Double-Bit Axe
12:54 Horse Collar
15:26 Bow Saw
20:49 Wheelbarrow
22:18 Heavy Plow
22:43 Gold Mining
23:40 Hand Cart
25:33 Gold Mining
26:29 Hand Cart
29:55 Imperial Age
28:04 Fletching
29:24 Bodkin Arrow
29:51 Ballistics
30:00 Stone Mining
30:12 Padded Archer Armor
31:00 Masonry
Kashmir
7:10 Loom
10:22 Feudal Age
18:56 Double-Bit Axe
23:00 Castle Age
22:37 Horse Collar
Connection lost

Rejoining the realm…

Still unreachable

The connection could not be restored.

Session expired

The server has moved on; the page needs a fresh start.